 Dungeon Crawl Stone Soup version 0.28-a0-1199-gef9e1dbd39 (webtiles) character file.

Game seed: 17124374008541463277

134607 PlayingRandomsOnly the Covert (level 17, -2/204 HPs)
             Began as a Gnoll Delver on Dec 17, 2021.
             Was a Follower of Uskayaw.
             Slain by an anaconda (7 damage)
             ... on level 4 of the Snake Pit on Dec 19, 2021.
             The game lasted 05:30:08 (27821 turns).

PlayingRandomsOnly the Covert (Gnoll Delver)       Turns: 27821, Time: 05:30:09

Health: -2/204     AC: 28    Str: 14    XL:     17   Next: 17%
Magic:  13/32      EV: -1    Int: 18    God:    Uskayaw [*.....]
Gold:   1441       SH:  0    Dex: 15    Spells: 3/38 levels left

rFire   + . .      SeeInvis .   a - +4 halberd (elec)
rCold   . . .      Faith    .   (shield currently unavailable)
rNeg    . . .      Spirit   .   (armour currently unavailable)
rPois   +          Reflect  .   (helmet currently unavailable)
rElec   .          Harm     .   (cloak currently unavailable)
rCorr   .          Rampage  .   (gloves currently unavailable)
Will    ++...      NoTele   +   (boots currently unavailable)
Stlth   ++++++....              M - amulet of Devotion {rF+ Regen+ Int+4}
HPRegen 1.24/turn               S - ring of willpower
MPRegen 0.23/turn               y - ring of poison resistance

@: tree-form, forested, slowed, constricted, very slow
A: stationary, stasis, torment immunity, boosted hp, (fangs 1), strong nose,
distributed training
a: Renounce Religion, Stomp


You were on level 4 of the Snake Pit.
You worshipped Uskayaw.
Uskayaw was pleased with you.
You were a tree.
You visited 3 branches of the dungeon, and saw 23 of its levels.
You also visited: Bailey.

You collected 1873 gold pieces.
You spent 432 gold pieces at shops.

Inventory:

Hand Weapons
 a - a +4 halberd of electrocution (weapon)
 b - the +10 hunting sling of Ysutih {flame, Fly rF+ rCorr Int+4}
   (You found it on level 2 of the Snake Pit)

   Any ammunition fired from it burns those it strikes, dealing additional fire
   damage.
   Int:       It affects your intelligence (+4).
   rF:        It protects you from fire.
   Fly:       It grants you flight.
   rCorr:     It protects you from acid and corrosion.
 o - the +4 hunting sling of Interdependent Arising {vorpal, rElec rN++ Str-3 Dex+3}
   (You found it on level 3 of the Lair of Beasts)

   Any ammunition fired from it inflicts extra damage upon your enemies.
   Str:       It affects your strength (-3).
   Dex:       It affects your dexterity (+3).
   rElec:     It insulates you from electricity.
   rN:        It greatly protects you from negative energy.
 x - a +6 falchion of holy wrath
Missiles
 E - 116 sling bullets
 J - 14 curare-tipped darts (quivered)
 T - a throwing net
 Z - 2 atropa-tipped darts
Armour
 j - a +2 helmet (melded)
 p - a +2 pair of gloves (melded)
 t - a +2 cloak (melded)
 H - the +4 troll leather armour of Uskayaw's Fury (melded) {Regen+ SInv}
   (You found it on level 4 of the Snake Pit)

   SInv:      It lets you see invisible.
   Regen:     It increases your rate of health regeneration.
 K - a +0 pair of boots (melded)
Jewellery
 n - the ring "Morioq" {Fire rElec Int+3 Dex-3}
   (You found it on level 4 of the Snake Pit)

   [ring of fire]

   It enhances your fire magic.
   Int:       It affects your intelligence (+3).
   Dex:       It affects your dexterity (-3).
   rF:        It protects you from fire.
   rC:        It makes you vulnerable to cold.
   rElec:     It insulates you from electricity.
 s - a ring of protection from fire
 y - a ring of poison resistance (right branch)
 F - a ring of positive energy
 M - the amulet of Devotion (around neck) {rF+ Regen+ Int+4}
   (You found it on level 2 of the Lair of Beasts)

   [amulet of regeneration]

   Int:       It affects your intelligence (+4).
   rF:        It protects you from fire.
   Regen:     It increases your rate of health regeneration.
 S - a ring of willpower (left branch)
 U - a +6 ring of intelligence
 W - an amulet of reflection
 X - a ring of ice
Wands
 g - a wand of digging (9)
 h - a wand of polymorph (4)
 A - a wand of mindburst (6)
 D - a wand of iceblast (19)
 Q - a wand of paralysis (15)
Scrolls
 c - 2 scrolls of fog
 d - 3 scrolls of summoning
 e - 2 scrolls of magic mapping
 f - 11 scrolls of teleportation
 i - 2 scrolls of acquirement
 r - a scroll of immolation
 I - 4 scrolls of noise
 L - 3 scrolls of vulnerability
 P - a scroll of fear
 R - 4 scrolls of amnesia
Potions
 k - 5 potions of lignification
 q - 4 potions of magic
 u - 3 potions of heal wounds
 v - 9 potions of curing
 w - 3 potions of cancellation
 z - 8 potions of might
 C - 5 potions of brilliance
 G - 5 potions of berserk rage
 N - 2 potions of attraction
 O - 5 potions of ambrosia
 V - 3 potions of haste
 Y - 2 potions of flight {unknown}
Miscellaneous
 l - a condenser vane
 B - a lightning rod (4/4)


   Skills:
 + Level 13.1 Fighting
 + Level 11.4 Short Blades
 + Level 11.4 Long Blades
 + Level 11.4 Axes
 + Level 11.4 Maces & Flails
 + Level 12.3 Polearms
 + Level 11.4 Staves
 + Level 11.4 Slings
 + Level 11.4 Bows
 + Level 11.4 Crossbows
 + Level 11.4 Throwing
 + Level 11.4 Armour
 + Level 12.3 Dodging
 + Level 14.6 Stealth
 + Level 11.4 Shields
 + Level 11.4 Unarmed Combat
 + Level 11.4 Spellcasting
 + Level 9.7 Conjurations
 + Level 9.7 Hexes
 + Level 9.7 Summonings
 + Level 9.7 Necromancy
 + Level 9.7 Translocations
 + Level 9.7 Transmutations
 + Level 9.7 Fire Magic
 + Level 9.7 Ice Magic
 + Level 9.7 Air Magic
 + Level 9.7 Earth Magic
 + Level 9.7 Poison Magic
 + Level 12.4 Invocations
 + Level 11.4 Evocations


You had 3 spell levels left.
You knew the following spells:

 Your Spells              Type           Power      Damage    Failure   Level
a - Summon Forest         Summ/Tloc      22%        N/A       3%          5
b - Stone Arrow           Conj/Erth      90%        3d12      1%          3
c - Wereblood             Tmut           45%        N/A       1%          2
d - Corpse Rot            Necr/Air       90%        N/A       1%          2
e - Petrify               Tmut/Erth      45%        N/A       1%          4
f - Passwall              Tmut/Erth      37%        N/A       1%          2
g - Blink                 Tloc           90%        N/A       1%          2
h - Manifold Assault      Tloc           45%        N/A       3%          5
i - Summon Mana Viper     Hex/Summ       45%        N/A       3%          5
j - Agony                 Necr           45%        N/A       3%          5

Your spell library contained the following spells:

 Spells                   Type           Power      Damage    Failure   Level
 Pain                     Necr           100%       1d9       1%          1
 Sandblast                Erth           90%        2d19      1%          1
 Inner Flame              Hex/Fire       45%        N/A       1%          3
 Portal Projectile        Hex/Tloc       90%        N/A       1%          3
 Animate Armour           Summ/Erth      90%        N/A       1%          4
 Cause Fear               Hex            22%        N/A       1%          4
 Blade Hands              Tmut           22%        N/A       3%          5
 Excruciating Wounds      Necr           22%        N/A       3%          5
 Dispersal                Tloc           22%        N/A       21%         6
 Summon Cactus Giant      Summ           22%        N/A       21%         6
 Storm Form               Tmut/Air       22%        N/A       73%         7
 Discord                  Hex            22%        N/A       100%        8
 Disjunction              Tloc           22%        N/A       100%        8
 Lehudib's Crystal Spear  Conj/Erth      22%        10d6      100%        8
 Maxwell's Capacitive Co  Air            22%        ∞         100%        8


Dungeon Overview and Level Annotations

Branches:
Dungeon (13/15)            Temple (0/1) D:6            Lair (6/6) D:9
  Swamp (0/4) Lair:3        Snake (4/4) Lair:2        Slime (0/5) Lair:5
    Orc (0/2) D:11         Vaults (0/5) D:13         Bailey (visited)

Altars:
Fedhas
Gozag
Makhleb
Nemelex Xobeh
Ru
Sif Muna
Uskayaw
Zin
The Shining One
Jiyva

Shops:
D:1 [   D:4 *   D:9 (   Snake:2 *   Snake:3 !

Annotations:
Snake:2 Roxanne, Vashnia


Innate Abilities, Weirdness & Mutations

You are a tree.
Your roots penetrate the ground, keeping you stationary.
You cannot be teleported.
You are immune to unholy pain and torment.
Your maximum health is greatly increased.
Your equipment is partially melded.
((You have very sharp teeth.))
Your uncanny sense of smell can sniff out nearby items.
Your experience applies equally to all skills.


Message History

* * * LOW HITPOINT WARNING * * *
The salamander hits you but does no damage.
The black mamba bites you but does no damage.
Your dryad hits the naga.
Okay, then.
Okay, then.
Okay, then.
You feel much better.
You feel sick.
You are no longer poisoned.
The black mamba misses you. The black mamba closely misses you.
The anaconda barely misses you. The anaconda constricts you.
The black mamba closely misses you. The black mamba misses you.
The black mamba bites you but does no damage.
The anaconda bites you but does no damage.
The anaconda constricts you. The naga closely misses you.
The salamander misses you. The black mamba bites you!
* * * LOW HITPOINT WARNING * * *
The black mamba closely misses you.
The black mamba bites you but does no damage.
The anaconda bites you.
* * * LOW HITPOINT WARNING * * *
The anaconda constricts you.
* * * LOW HITPOINT WARNING * * *
Your dryad hits the naga but does no damage.
The naga warrior misses you.
The naga hits your dryad with a +0 long sword.
The naga grabs your dryad. The naga constricts your dryad.
The salamander hits you but does no damage.
Really quaff the potion of lignification?
You turn into a tree.
Your +2 cloak melds into your body.
Your +2 helmet melds into your body.
Your +2 pair of gloves melds into your body.
Your +0 pair of boots melds into your body.
The +4 troll leather armour of Uskayaw's Fury {Regen+ SInv} melds into your body.
Your roots penetrate the ground.
The black mamba bites you but does no damage. x2
The black mamba bites you.
* * * LOW HITPOINT WARNING * * *
The anaconda bites you!
You die...

,∆,,##.^.≈≈≈≈§≈...## #.....'...
,,∆,,##..§§§≈≈.§.## #...###...
******##.§§§§§§.####♣##♣...###...
##.§.§..##......♣.........
######♣#.......#.........
**♣..<..........#..###''=#
*,.......R.N....#.##8....(
*,.......NSNN...#.##...[..
**.......♣SN...('.##....(.
*♣......SS)..(♣####(=....
♣#..........♣♣ #...(.(
♣#........## *####### ****
##......♣# ##++++## *,,* #♣#♣####
##......## ≈≈,** ##........#
≈≈,,**** #.......... ≈≈,,,,,**
#..........


You could see a naga warrior, a salamander (strong), an anaconda, a naga
ritualist (strong), 3 black mambas, 2 nagas and a friendly dryad (summoned).

Vanquished Creatures
  A nagaraja (Snake:3)
  Azrael (Snake:2)
  Josephine (Lair:5)
  A rakshasa (D:13)
  7 naga warriors
  A salamander tyrant (Snake:4)
  6 vault guards
  An ogre mage (D:10)
  3 boulder beetles
  4 hydras
  2 centaur warriors (D:13)
  5 anacondas
  8 two-headed ogres
  2 tengu warriors (D:13)
  An alligator (Lair:6)
  Erica (D:9)
  4 death yaks (Lair:5)
  8 shock serpents
  8 naga sharpshooters
  Sonja (Lair:6)
  7 naga ritualists
  2 sea snakes (Snake:3)
  3 salamander mystics
  2 bog bodies (Lair:3)
  Pikel (D:7)
  3 lindwurms (Snake:4)
  2 deep elf pyromancers (D:13)
  4 orc knights (Bailey)
  2 wolf spiders
  2 ugly things
  11 mana vipers
  3 cyclopes
  A manticore (D:10)
  17 salamanders
  42 black mambas
  11 elephants
  4 centaur zombies
  6 gargoyles
  10 naga magi
  3 guardian serpents
  3 kobold demonologists
  14 cane toads
  Maggie (D:7)
  An unseen horror (D:12)
  10 komodo dragons
  9 polar bears (Lair:6)
  3 trolls
  A queen bee (Lair:2)
  Grinder (D:3)
  4 hornets
  17 blink frogs
  3 raiju (Lair:6)
  A dream sheep (Lair:5)
  3 redbacks (Lair:6)
  5 wraiths
  20 wyverns
  2 fire elementals (Snake:2)
  33 yaks
  5 basilisks
  8 vampire mosquitoes
  A steam dragon (D:8)
  4 swamp worms (Lair:3)
  31 nagas
  4 wargs (Lair:6)
  An acid dragon (D:12)
  26 water moccasins
  18 hell hounds
  8 orc warriors
  12 black bears
  3 sky beasts
  3 ogres
  31 wolves
  13 centaurs
  13 bullfrogs
  6 kobold brigands
  A wyvern zombie (D:5)
  A gnoll sergeant (D:9)
  A scorpion (D:5)
  26 killer bees (Lair:2)
  9 wights
  8 electric eels
  A howler monkey (D:9)
  A hound (D:6)
  5 orc priests
  6 iguanas
  Crazy Yiuf (D:4)
  2 centaur skeletons
  A gnoll shaman (D:9)
  7 hell rats
  10 orc wizards
  A hound skeleton (D:4)
  8 adders
  17 gnolls
  A shadow imp (D:5)
  A white imp (D:8)
  An ufetubus (D:5)
  2 adder skeletons (D:4)
  A worm (D:3)
  2 dart slugs
  49 orcs
  5 bats
  9 endoplasms
  3 giant cockroaches
  15 goblins
  12 hobgoblins
  3 quokkas
  7 ball pythons
  10 frilled lizards
  21 kobolds
  A quokka skeleton (D:4)
  4 rats
773 creatures vanquished.

Vanquished Creatures (collateral kills)
  The ghost of confidenceinterval the Necromancer, an adept DsNe of Ashenzari (Snake:4)
  A hell hound (Snake:2)
2 creatures vanquished.

Vanquished Creatures (others)
  51 fungi
  103 plants
154 creatures vanquished.

Grand Total: 929 creatures vanquished

Notes
Turn   | Place    | Note
-------+----------+-------------------------------------------
     0 | D:5      | Reached skill level 9 in Stealth
     0 | D:5      | PlayingRandomsOnly the Gnoll Delver began the quest for the
                  | Orb.
     0 | D:5      | Reached XP level 1. HP: 23/23 MP: 1/1
    12 | D:5      | Noticed a scorpion
    12 | D:5      | Noticed an iguana
    16 | D:5      | Noticed an ogre
    16 | D:5      | Noticed an iguana
    66 | D:4      | Identified the +1 robe of the Stone Wall {rF+ Dex+3}
    95 | D:4      | Found Lunemp's Assorted Antiques.
   162 | D:4      | Found a runed translucent door.
   163 | D:4      | Noticed Crazy Yiuf
   213 | D:4      | Reached XP level 2. HP: 29/29 MP: 2/2
   228 | D:4      | Noticed an ogre
   438 | D:3      | Reached skill level 1 in Invocations
   438 | D:3      | Reached XP level 3. HP: 31/35 MP: 2/4
   441 | D:3      | Learned a level 1 spell: Sandblast
   733 | D:3      | Reached skill level 1 in Short Blades
   733 | D:3      | Reached skill level 1 in Long Blades
   733 | D:3      | Reached skill level 1 in Axes
   733 | D:3      | Reached skill level 1 in Maces & Flails
   733 | D:3      | Reached skill level 1 in Staves
   733 | D:3      | Reached skill level 1 in Slings
   733 | D:3      | Reached skill level 1 in Bows
   733 | D:3      | Reached skill level 1 in Crossbows
   733 | D:3      | Reached skill level 1 in Throwing
   733 | D:3      | Reached skill level 1 in Armour
   733 | D:3      | Reached skill level 1 in Shields
   733 | D:3      | Reached skill level 1 in Unarmed Combat
   733 | D:3      | Reached skill level 1 in Spellcasting
   733 | D:3      | Reached skill level 1 in Evocations
   793 | D:3      | Found a hide-covered altar of Uskayaw.
   820 | D:3      | Upgraded the game from 0.28-a0-1182-g381e24db82 to
                  | 0.28-a0-1190-g77e1c55843
   822 | D:3      | Became a worshipper of Uskayaw the Reveller
   867 | D:3      | Reached XP level 4. HP: 41/41 MP: 5/5
   968 | D:3      | Reached * piety under Uskayaw
  1015 | D:3      | Noticed Grinder
  1356 | D:2      | Found a faded altar of an unknown god.
  1833 | D:2      | Reached skill level 1 in Conjurations
  1833 | D:2      | Reached skill level 1 in Hexes
  1833 | D:2      | Reached skill level 1 in Summonings
  1833 | D:2      | Reached skill level 1 in Necromancy
  1833 | D:2      | Reached skill level 1 in Translocations
  1833 | D:2      | Reached skill level 1 in Transmutations
  1833 | D:2      | Reached skill level 1 in Fire Magic
  1833 | D:2      | Reached skill level 1 in Ice Magic
  1833 | D:2      | Reached skill level 1 in Air Magic
  1833 | D:2      | Reached skill level 1 in Earth Magic
  1833 | D:2      | Reached skill level 1 in Poison Magic
  2120 | D:1      | Reached ** piety under Uskayaw
  2331 | D:1      | Reached XP level 5. HP: 44/47 MP: 2/6
  2452 | D:1      | Found Faymn's Armour Shoppe.
  2936 | D:4      | Noticed an ogre
  2969 | D:4      | Killed an ogre
  2991 | D:4      | Reached XP level 6. HP: 46/53 MP: 8/8
  3007 | D:3      | Reached skill level 5 in Polearms
  3007 | D:3      | Reached skill level 5 in Dodging
  3385 | D:4      | Reached XP level 7. HP: 54/56 MP: 4/10
  3918 | D:4      | Reached *** piety under Uskayaw
  3920 | D:4      | Reached skill level 10 in Stealth
  4203 | D:4      | Killed Crazy Yiuf
  4332 | D:3      | Killed Grinder
  4333 | D:3      | Reached XP level 8. HP: 56/67 MP: 1/12
  4748 | D:5      | Noticed a hornet
  4819 | D:5      | Killed a hornet
  5107 | D:5      | Found a blossoming altar of Fedhas.
  5388 | D:6      | Found a staircase to the Ecumenical Temple.
  5394 | D:6      | Noticed a troll
  5406 | D:6      | Killed a troll
  5407 | D:6      | Reached XP level 9. HP: 73/73 MP: 7/14
  6352 | D:7      | Noticed Pikel
  6368 | D:7      | Killed Pikel
  6369 | D:7      | Reached skill level 5 in Invocations
  6709 | D:7      | Found a burning altar of Makhleb.
  6790 | D:7      | Noticed a gargoyle
  6797 | D:7      | Noticed a gargoyle
  6805 | D:7      | Noticed a gargoyle
  6816 | D:7      | Noticed a gargoyle
  6833 | D:7      | Killed a gargoyle
  6857 | D:7      | Noticed a gargoyle
  6868 | D:7      | Killed a gargoyle
  6869 | D:7      | Reached XP level 10. HP: 32/80 MP: 7/17
  6925 | D:7      | Killed a gargoyle
  6926 | D:7      | Reached skill level 5 in Short Blades
  6926 | D:7      | Reached skill level 5 in Long Blades
  6926 | D:7      | Reached skill level 5 in Axes
  6926 | D:7      | Reached skill level 5 in Maces & Flails
  6926 | D:7      | Reached skill level 5 in Staves
  6926 | D:7      | Reached skill level 5 in Slings
  6926 | D:7      | Reached skill level 5 in Bows
  6926 | D:7      | Reached skill level 5 in Crossbows
  6926 | D:7      | Reached skill level 5 in Throwing
  6926 | D:7      | Reached skill level 5 in Armour
  6926 | D:7      | Reached skill level 5 in Shields
  6926 | D:7      | Reached skill level 5 in Unarmed Combat
  6926 | D:7      | Reached skill level 5 in Spellcasting
  6926 | D:7      | Reached skill level 5 in Evocations
  6998 | D:7      | Killed a gargoyle
  7064 | D:7      | Killed a gargoyle
  7113 | D:7      | Noticed Maggie
  7688 | D:7      | Killed Maggie
  7689 | D:7      | Reached skill level 11 in Stealth
  7903 | D:8      | Found a shimmering blue altar of Sif Muna.
  8071 | D:8      | Learned a level 3 spell: Stone Arrow
  8159 | D:8      | Noticed a two-headed ogre
  8175 | D:8      | Killed a two-headed ogre
  8428 | D:8      | Found a glowing golden altar of the Shining One.
  8463 | D:8      | Found a sparkling altar of Nemelex Xobeh.
  8466 | D:8      | Found a sacrificial altar of Ru.
  8605 | D:9      | Found Gienefom's Weapon Boutique.
  8671 | D:9      | Found a flagged portal.
  8673 | D:9      | Noticed a two-headed ogre
  8701 | D:9      | Killed a two-headed ogre
  8702 | D:9      | Reached XP level 11. HP: 74/87 MP: 15/19
  8805 | Bailey   | Entered a bailey
  8871 | Bailey   | Found an iron altar of Okawaru.
  8909 | Bailey   | Noticed an orc knight
  8915 | Bailey   | Reached skill level 5 in Conjurations
  8915 | Bailey   | Reached skill level 5 in Hexes
  8915 | Bailey   | Reached skill level 5 in Summonings
  8915 | Bailey   | Reached skill level 5 in Necromancy
  8915 | Bailey   | Reached skill level 5 in Translocations
  8915 | Bailey   | Reached skill level 5 in Transmutations
  8915 | Bailey   | Reached skill level 5 in Fire Magic
  8915 | Bailey   | Reached skill level 5 in Ice Magic
  8915 | Bailey   | Reached skill level 5 in Air Magic
  8915 | Bailey   | Reached skill level 5 in Earth Magic
  8915 | Bailey   | Reached skill level 5 in Poison Magic
  8984 | Bailey   | Killed an orc knight
  9140 | Bailey   | Noticed an orc knight
  9171 | Bailey   | Killed an orc knight
  9240 | Bailey   | Noticed an orc knight
  9269 | Bailey   | HP: 2/89 [orc knight (24)]
  9286 | Bailey   | Killed an orc knight
  9347 | Bailey   | Noticed an orc knight
  9364 | Bailey   | Killed an orc knight
  9490 | Bailey   | Got the Reference Book on Mutagenic Weightlessness
  9494 | Bailey   | Learned a level 2 spell: Wereblood
  9497 | Bailey   | Learned a level 2 spell: Corpse Rot
  9502 | Bailey   | Learned a level 4 spell: Petrify
  9505 | Bailey   | Learned a level 2 spell: Passwall
  9522 | Bailey   | Identified the +0 dagger of Parts Unknown {protect, Int+4
                  | Dex+2}
  9745 | D:9      | Noticed Erica
  9770 | D:9      | Killed Erica
  9863 | D:9      | Reached **** piety under Uskayaw
  9866 | D:9      | Reached ***** piety under Uskayaw
 10435 | D:9      | Found a staircase to the Lair.
 10594 | D:10     | Entered Level 10 of the Dungeon
 10715 | D:10     | Found an opulent altar of Gozag.
 10833 | D:10     | Noticed a green ugly thing
 10848 | D:10     | Killed a green ugly thing
 10872 | D:10     | Noticed an ogre mage
 10878 | D:10     | Noticed a manticore
 10891 | D:10     | Reached XP level 12. HP: 85/96 MP: 13/22
 10892 | D:10     | Killed an ogre mage
 11117 | D:10     | Noticed a two-headed ogre
 11144 | D:10     | Killed a two-headed ogre
 11234 | D:10     | Found a glowing silver altar of Zin.
 11521 | D:11     | Noticed a two-headed ogre
 11532 | D:11     | Killed a two-headed ogre
 11599 | D:11     | Found a staircase to the Orcish Mines.
 11826 | D:11     | Reached skill level 12 in Stealth
 12356 | D:12     | Noticed a boulder beetle
 12378 | D:12     | Noticed a boulder beetle
 12411 | D:12     | Killed a boulder beetle
 12412 | D:12     | Reached skill level 10 in Fighting
 12491 | D:12     | Noticed a two-headed ogre
 12512 | D:12     | Killed a two-headed ogre
 12666 | D:12     | Killed a boulder beetle
 12871 | D:12     | Noticed a five-headed hydra
 12918 | D:12     | Killed a five-headed hydra
 12919 | D:12     | Reached XP level 13. HP: 49/103 MP: 16/24
 13527 | D:13     | Learned a level 2 spell: Blink
 13533 | D:13     | Learned a level 5 spell: Manifold Assault
 13539 | D:13     | Learned a level 5 spell: Summon Mana Viper
 13622 | D:13     | Noticed a rakshasa
 13804 | D:13     | Killed a rakshasa
 14222 | D:13     | Found a gate to the Vaults.
 14222 | D:13     | Noticed a vault guard
 14222 | D:13     | Noticed a vault guard
 14222 | D:13     | Noticed a vault guard
 14500 | D:13     | Noticed a vault guard
 14500 | D:13     | Noticed a vault guard
 14544 | D:12     | Killed a vault guard
 14575 | D:13     | Noticed a vault guard
 14608 | D:12     | Killed a vault guard
 14619 | D:13     | Noticed a vault guard
 14691 | D:12     | Killed a vault guard
 14747 | D:12     | Killed a vault guard
 14784 | D:12     | Killed a vault guard
 14941 | D:13     | Killed a vault guard
 15019 | Lair:1   | Entered Level 1 of the Lair of Beasts
 15863 | Lair:2   | Identified the amulet of Devotion {rF+ Regen+ Int+4}
 16089 | Lair:2   | Reached skill level 10 in Polearms
 16089 | Lair:2   | Reached skill level 10 in Dodging
 16107 | Lair:2   | Upgraded the game from 0.28-a0-1190-g77e1c55843 to
                  | 0.28-a0-1199-gef9e1dbd39
 16166 | Lair:2   | Reached XP level 14. HP: 108/113 MP: 26/26
 16574 | Lair:2   | Found a staircase to the Snake Pit.
 16926 | Lair:3   | You fall into a shaft and drop 3 floors!
 16926 | Lair:6   | Entered Level 6 of the Lair of Beasts
 16972 | Lair:6   | Noticed Sonja
 16995 | Lair:6   | Killed Sonja
 17009 | Lair:6   | Reached skill level 13 in Stealth
 17303 | Lair:5   | Reached skill level 10 in Invocations
 17440 | Lair:5   | Found a viscous altar of Jiyva.
 17441 | Lair:5   | Found a staircase to the Slime Pits.
 18090 | Lair:5   | Identified the +7 dagger of Insufficient Pleasure {flame,
                  | rPois rF+ rC+}
 18653 | Lair:4   | Noticed Josephine
 18768 | Lair:5   | Killed Josephine
 19154 | Lair:3   | Identified the +4 hunting sling of Interdependent Arising
                  | {vorpal, rElec rN++ Str-3 Dex+3}
 19219 | Lair:3   | Found a staircase to the Swamp.
 20915 | Lair:5   | Reached XP level 15. HP: 120/120 MP: 28/28
 21081 | Lair:6   | Learned a level 5 spell: Summon Forest
 21493 | Lair:6   | Reached skill level 10 in Short Blades
 21493 | Lair:6   | Reached skill level 10 in Long Blades
 21493 | Lair:6   | Reached skill level 10 in Axes
 21493 | Lair:6   | Reached skill level 10 in Maces & Flails
 21493 | Lair:6   | Reached skill level 10 in Staves
 21493 | Lair:6   | Reached skill level 10 in Slings
 21493 | Lair:6   | Reached skill level 10 in Bows
 21493 | Lair:6   | Reached skill level 10 in Crossbows
 21493 | Lair:6   | Reached skill level 10 in Throwing
 21493 | Lair:6   | Reached skill level 10 in Armour
 21493 | Lair:6   | Reached skill level 10 in Shields
 21493 | Lair:6   | Reached skill level 10 in Unarmed Combat
 21493 | Lair:6   | Reached skill level 10 in Spellcasting
 21493 | Lair:6   | Reached skill level 10 in Evocations
 22700 | Snake:1  | Entered Level 1 of the Snake Pit
 23511 | Snake:1  | Reached skill level 14 in Stealth
 23513 | Snake:1  | Reached XP level 16. HP: 84/128 MP: 1/30
 24997 | Snake:2  | Identified the +10 hunting sling of Ysutih {flame, Fly rF+
                  | rCorr Int+4}
 25131 | Snake:2  | Found Naseuc's General Store.
 25140 | Snake:2  | Bought a scroll of identify for 32 gold pieces
 25173 | Snake:2  | Noticed Azrael
 25222 | Snake:2  | Killed Azrael
 25300 | Snake:2  | Identified Roxanne's Volume of the Mountains
 25300 | Snake:2  | Noticed Roxanne
 25476 | Snake:2  | Noticed Vashnia
 25599 | Snake:3  | Learned a level 5 spell: Agony
 25721 | Snake:3  | Reached ****** piety under Uskayaw
 25972 | Snake:3  | Noticed a nagaraja
 25989 | Snake:3  | Killed a nagaraja
 26018 | Snake:3  | Found Woqinic's Distillery.
 26033 | Snake:3  | Bought a potion of curing for 60 gold pieces
 26033 | Snake:3  | Bought a potion of might for 80 gold pieces
 26033 | Snake:3  | Bought a potion of might for 80 gold pieces
 26033 | Snake:3  | Bought a potion of brilliance for 80 gold pieces
 26033 | Snake:3  | Bought a potion of heal wounds for 100 gold pieces
 27063 | Snake:4  | Entered Level 4 of the Snake Pit
 27072 | Snake:4  | Identified the -7 pair of boots of the Arcane {Int+2}
 27197 | Snake:4  | Found a runed translucent gate.
 27199 | Snake:4  | Found a runed translucent gate.
 27209 | Snake:4  | Found a runed translucent gate.
 27213 | Snake:4  | Noticed confidenceinterval's ghost (adept DsNe)
 27258 | Snake:4  | Killed confidenceinterval's ghost
 27264 | Snake:4  | Identified the +4 troll leather armour of Uskayaw's Fury
                  | {Regen+ SInv}
 27292 | Snake:4  | Identified the ring "Morioq" {Fire rElec Int+3 Dex-3}
 27437 | Snake:4  | Reached XP level 17. HP: 62/136 MP: 18/32
 27819 | Snake:4  | HP: 5/136 [black mamba (3)]
 27821 | Snake:4  | Slain by an anaconda

Illustrated notes

Levels and vault maps discovered:
D:1:      lightli_arrival_chessboard, layout_rooms, serial_shops, shop
D:2:      layout_loops_corners, shapermc_ecumenical_altar_mp_highgroup,
          chequers_serial_rivers_micro_d
D:3:      layout_loops_ring, mainiacjoe_overflow_concentric_impassable,
          minmay_misc_feat_four_crosses, minmay_lizard_king, uniq_grinder
D:4:      layout_cave_pods, serial_shops, kennysheep_mini_moat,
          uniq_crazy_yiuf_cottage
D:5:      layout_basic, lemuel_round_altar, portal_sewer_entry_d
D:6:      layout_basic, minmay_temple_entry_arrows
D:7:      cheibrodos_statue_roulette, layout_loops_corners,
          mainiacjoe_overflow_six_doors_small, uniq_maggie, uniq_pikel
D:8:      layout_basic, mainiacjoe_overflow_tiny_flanked, minitemple,
          serial_glass, glass_columns_a, glass_columns_a, glass_columns_c,
          glass_columns_a, glass_columns_a, glass_columns_c,
          minmay_misc_feat_rugged
D:9:      layout_basic, lair_entry_dummy, enter_bailey_2, serial_shops,
          nicolae_lakefront_shop, minmay_misc_feat_pillars, uniq_erica
D:10:     minmay_curly_fans, layout_small_grid, zin_scriptorium,
          grunt_gozag_breadcrumbs
D:11:     layout_roguey, hiddenorc2_lemuel, minmay_misc_feat_x,
          blue_anna_alchemist
D:12:     layout_roguey
D:13:     layout_loops_ring, erik_vaults_2
Lair:1:   layout_hall_layers
Lair:2:   layout_roguey, guppyfry_snake_entry_garden, special_room
          [special_room_bee]
Lair:3:   layout_long_grid, nicolae_swamp_entry_splash_gauntlet,
          grunt_megastairs_2
Lair:4:   layout_long_grid, serial_bayou_shore_a, serial_bayou_shore_b,
          infiniplex_staircase_pool_2, uniq_josephine
Lair:5:   layout_layer_cave, slime_altar_1, chequers_serial_rivers_micro_c,
          hangedman_lair_generics_rect, lemuel_fruit_tree
Lair:6:   hangedman_lair_caniforms_friends, layout_regular_city,
          hangedman_lair_tendril_chambers, lemuel_fruit_fields, uniq_sonja
Snake:1:  layout_honeycomb
Snake:2:  layout_gridlike, serial_shops, shop, nicolae_snake_slithery_corners,
          uniq_azrael, uniq_roxanne, uniq_vashnia
Snake:3:  cheibrodos_forgotten_conduit, layout_chambers,
          nicolae_wooded_promenade, st_stairs_13, drop_trap
Snake:4:  snake_pit_salamanders_mu, layout_gridlike, ebering_ghost_rock_garden,
          beargit_elvish_explorers, uniq_saint_roka

Skill      XL: |  1  2  3  4  5  6  7  8  9 10 11 12 13 14 15 16 |
---------------+-------------------------------------------------+-----
Stealth        | 10 11 12 13 14 | 14.6
Invocations    | 1 2 3 4 5 6 7 8 9 10 11 12 | 12.4
Short Blades   | 1 2 3 4 5 6 7 8 9 10 11 | 11.4
Long Blades    | 1 2 3 4 5 6 7 8 9 10 11 | 11.4
Axes           | 1 2 3 4 5 6 7 8 9 10 11 | 11.4
Maces & Flails | 1 2 3 4 5 6 7 8 9 10 11 | 11.4
Staves         | 1 2 3 4 5 6 7 8 9 10 11 | 11.4
Slings         | 1 2 3 4 5 6 7 8 9 10 11 | 11.4
Bows           | 1 2 3 4 5 6 7 8 9 10 11 | 11.4
Crossbows      | 1 2 3 4 5 6 7 8 9 10 11 | 11.4
Throwing       | 1 2 3 4 5 6 7 8 9 10 11 | 11.4
Armour         | 1 2 3 4 5 6 7 8 9 10 11 | 11.4
Shields        | 1 2 3 4 5 6 7 8 9 10 11 | 11.4
Unarmed Combat | 1 2 3 4 5 6 7 8 9 10 11 | 11.4
Spellcasting   | 1 2 3 4 5 6 7 8 9 10 11 | 11.4
Evocations     | 1 2 3 4 5 6 7 8 9 10 11 | 11.4
Conjurations   | 1 2 3 4 5 6 7 8 9 |  9.7
Hexes          | 1 2 3 4 5 6 7 8 9 |  9.7
Summonings     | 1 2 3 4 5 6 7 8 9 |  9.7
Necromancy     | 1 2 3 4 5 6 7 8 9 |  9.7
Translocations | 1 2 3 4 5 6 7 8 9 |  9.7
Transmutations | 1 2 3 4 5 6 7 8 9 |  9.7
Fire Magic     | 1 2 3 4 5 6 7 8 9 |  9.7
Ice Magic      | 1 2 3 4 5 6 7 8 9 |  9.7
Air Magic      | 1 2 3 4 5 6 7 8 9 |  9.7
Earth Magic    | 1 2 3 4 5 6 7 8 9 |  9.7
Poison Magic   | 1 2 3 4 5 6 7 8 9 |  9.7
Polearms       | 5 6 7 8 9 10 11 12 | 12.3
Dodging        | 5 6 7 8 9 10 11 12 | 12.3
Fighting       | 7 8 9 10 11 12 13 | 13.1

Action                   |  1- 3 |  4- 6 |  7- 9 | 10-12 | 13-15 | 16-18 || total
-------------------------+-------+-------+-------+-------+-------+-------++-------
Melee: Spear             |    61 |    78 |       |       |       |       ||   139
       Bite              |     5 |     6 |    30 |    69 |   121 |    12 ||   243
       Trident           |       |    23 |   205 |   620 |   687 |       ||  1535
       Punch             |       |     1 |     3 |    15 |    30 |       ||    49
       Whip              |       |       |     7 |       |       |       ||     7
       Quarterstaff      |       |       |     6 |    15 |       |       ||    21
       Halberd           |       |       |       |       |   624 |   192 ||   816
       Staff             |       |       |       |       |       |    14 ||    14
       Falchion          |       |       |       |       |       |    12 ||    12
 Fire: Hunting sling     |     6 |    50 |    15 |     7 |   194 |   440 ||   712
       Shortbow          |       |       |       |    21 |   124 |       ||   145
Throw: Stone             |     2 |       |       |       |       |       ||     2
       Dart              |       |    12 |    19 |    71 |    32 |     2 ||   136
       Throwing net      |       |       |       |       |     1 |       ||     1
 Cast: Sandblast         |     1 |       |       |       |       |       ||     1
       Stone Arrow       |       |       |       |    17 |    83 |    44 ||   144
       Wereblood         |       |       |       |     7 |     4 |     2 ||    13
       Blink             |       |       |       |       |    16 |     2 ||    18
       Petrify           |       |       |       |       |     4 |       ||     4
       Manifold Assault  |       |       |       |       |     3 |       ||     3
       Corpse Rot        |       |       |       |       |     3 |       ||     3
       Summon Mana Viper |       |       |       |       |       |     5 ||     5
       Summon Forest     |       |       |       |       |       |     4 ||     4
Invok: Stomp             |       |    14 |    24 |    44 |    52 |    16 ||   150
       Line Pass         |       |     1 |     3 |    24 |    39 |    11 ||    78
       Grand Finale      |       |       |       |     1 |     1 |     1 ||     3
Evoke: Wand              |       |       |     4 |     4 |       |       ||     8
       Condenser vane    |       |       |       |       |     1 |       ||     1
  Use: Scroll            |     2 |       |     4 |    14 |    14 |     6 ||    40
       Potion            |       |       |     1 |     1 |     4 |     5 ||    11
 Stab: Sleeping          |     6 |     8 |     9 |     8 |     8 |     3 ||    42
       Distracted        |       |       |     3 |     1 |     4 |     2 ||    10
       Confused          |       |       |     1 |     6 |    22 |     2 ||    31
       Paralysed         |       |       |     1 |    22 |    60 |    15 ||    98
       Invisible         |       |       |       |       |     2 |       ||     2
Armor: Robe              |     6 |     9 |    20 |     1 |       |       ||    36
       Troll leather arm |       |       |    11 |   150 |   516 |   148 ||   825
       Skin              |       |       |       |       |       |     2 ||     2
Dodge: Dodged            |    21 |    91 |   154 |   494 |  1136 |   289 ||  2185

Table legend: (Time is in decaauts)
 A = Elapsed time spent in this place.
 B = Non-inter-level travel time spent in this place.
 C = Inter-level travel time spent in this place.
 D = Time resting spent in this place.
 E = Time spent auto-exploring this place.
 F = Levels seen in this place.
 G = Mean time per level.
                   A        B        C        D        E       F      G
               +--------+--------+--------+--------+--------+-----+--------+
         Total |  27275 |  26275 |   1000 |    755 |  12792 |  24 | 1136.5 |
       Dungeon |  14123 |  13530 |    593 |    424 |   7675 |  13 | 1086.4 |
          Lair |   7545 |   7234 |    311 |     57 |   3718 |   6 | 1257.5 |
     Snake Pit |   4879 |   4783 |     96 |    241 |   1398 |   4 | 1219.8 |
        Bailey |    727 |    727 |      0 |     33 |      0 |   1 |  727.0 |
               +--------+--------+--------+--------+--------+-----+--------+

Top non-repeatable levels by time:
  Lair:6: 1836 daAuts
  Lair:5: 1669 daAuts
     D:7: 1568 daAuts
     D:3: 1441 daAuts
 Snake:1: 1421 daAuts
 Snake:3: 1419 daAuts
    D:13: 1411 daAuts
     D:4: 1364 daAuts
 Snake:2: 1328 daAuts
     D:9: 1296 daAuts
  Lair:4: 1112 daAuts
  Lair:3: 1087 daAuts
    D:12: 1083 daAuts
     D:2: 1048 daAuts
  Lair:2: 1026 daAuts
